 Dungeon Crawl Stone Soup version 0.28.0 (webtiles) character file.

Game seed: 16018292470898249777

16 HallandMoats the Ducker (level 2, 21/21 HPs)
             Began as an Octopode Monk on Feb 7, 2022.
             Was a Believer of Sif Muna.
             Got out of the dungeon alive.
             The game lasted 00:00:44 (954 turns).

HallandMoats the Ducker (Octopode Monk)              Turns: 954, Time: 00:00:45

Health: 21/21      AC:  1    Str: 10    XL:     2   Next: 54%
Magic:  2/2        EV: 14    Int: 12    God:    Sif Muna [**....]
Gold:   14         SH:  0    Dex: 14    Spells: 1/1 levels left

rFire   . . .      SeeInvis .     - Unarmed
rCold   . . .      Faith    .   (no shield)
rNeg    . . .      Spirit   .   (helmet restricted)
rPois   .          Reflect  .   (no amulet)
rElec   .          Harm     .   (no ring)
rCorr   .          Rampage  .   (no ring)
Will    .....                   (no ring)
Stlth   +++.......              (no ring)
HPRegen 0.07/turn               (no ring)
MPRegen 0.08/turn               (no ring)
                                (no ring)
                                (no ring)

@: no status effects
A: almost no armour, amphibious, 8 rings, camouflage 1, gelatinous body 1,
(nimble swimmer 1), tentacles
a: Renounce Religion, Channel Magic


You escaped.
You worshipped Sif Muna.
Sif Muna was pleased with you.
You visited 1 branch of the dungeon, and saw 1 of its levels.

You collected 14 gold pieces.

Inventory:

Scrolls
 a - a scroll of identify {unknown}
 b - a scroll of amnesia {unknown}
 c - a scroll of enchant armour {unknown}


   Skills:
 + Level 3.1 Fighting
 + Level 3.1 Dodging
 + Level 3.1 Stealth
 + Level 3.1 Unarmed Combat
 + Level 0.8 Invocations


You had one spell level left.
You didn't know any spells.
Your spell library was empty.

Dungeon Overview and Level Annotations

Branches:
Dungeon (1/15)

Altars:
Sif Muna


Innate Abilities, Weirdness & Mutations

You cannot wear most types of armour.
You are amphibious.
You can wear up to eight rings at the same time.
Your skin changes colour to match your surroundings (Stealth+).
Your rubbery body absorbs attacks. (AC +1, EV +1)
((You are camouflaged when in or above water. (Stealth+)))
You have tentacles for arms and can constrict up to eight enemies at once.


Message History

No target in view!
No target in view!
No target in view!
No target in view!
No target in view!
Things that are here:
a +2 dagger of freezing; 5 stones
Things that are here:
a +2 dagger of freezing; 5 stones
Found a runed whip.
You see here a +4 whip.
You open the huge gate.
Found a faded altar of an unknown god.
There is a huge open gate here.
There is a huge open gate here.
There is a huge open gate here.
There is a huge open gate here.
There is a huge open gate here.
There is a huge open gate here.
There is a stone staircase leading down here.
You see here a +0 great sword.
Done exploring.
Search for what [? for help]? altar
There is a stone staircase leading down here.
There is a huge open gate here.
There is a huge open gate here.
There is a faded altar of an unknown god here.
You cannot tell which god this altar belongs to.
Convert to them anyway?
Sif Muna accepts your prayer! Sif Muna welcomes you!
You can now call upon Sif Muna for magical energy.
(D) Dungeon
Where to? (Enter - D:1 @ (x,y), ? - help)
What level of the Dungeon? (default 1, ? - help)
There is a huge open gate here.
There is a huge open gate here.
There is a stone staircase leading down here.
There is a staircase leading out of the dungeon here.
Are you sure you want to leave the Dungeon?
This will make you lose the game!
You have escaped!

...............>.....#
..######..################
..........#............(.#
##.####...#..............#
#..# #...#..............#
#.## #...#..##...#####..#
#[#####...#..##...# #..#
......#...#.......# #..#
...##.#...#.....@.# #..#
#.###.#...#.......# #..#
#.###.#.#.#..###..# #..#
..........#..# #..#####..#
..###.#.#.#..# #.........#
....#.#.#.#..###.........#
###.#.#...#..............#
# #.#.###.#........####..#
# #.#.....#........# #..#


There were no monsters in sight!

Vanquished Creatures
  2 endoplasms (D:1)
  3 goblins (D:1)
  A hobgoblin (D:1)
  2 kobolds (D:1)
  A ball python (D:1)
  3 bats (D:1)
  A frilled lizard (D:1)
  3 rats (D:1)
16 creatures vanquished.

Notes
Turn   | Place    | Note
-------+----------+-------------------------------------------
     0 | D:1      | HallandMoats the Octopode Monk began the quest for the Orb.
     0 | D:1      | Reached XP level 1. HP: 16/16 MP: 1/1
   251 | D:1      | Reached XP level 2. HP: 20/21 MP: 2/2
   675 | D:1      | Found a faded altar of an unknown god.
   889 | D:1      | Prayed at the altar of an unknown god.
   889 | D:1      | Became a worshipper of Sif Muna the Loreminder
   889 | D:1      | Reached * piety under Sif Muna
   889 | D:1      | Reached ** piety under Sif Muna
   954 | D:$      | Got out of the dungeon alive.

Illustrated notes

Levels and vault maps discovered:
D:1:      dpeg_arrival_boxorama, layout_basic,
          hellmonk_ecumenical_altar_heavens_door, minmay_octomino_j4

Skill      XL: |  1  2 |
---------------+-------+-----
Stealth        | 3 |  3.1
Fighting       | |  3.1
Dodging        | |  3.1
Unarmed Combat | |  3.1
Invocations    | |  0.8

Action                   || total
-------------------------++-------
Melee: Unarmed           ||    34
       Constrict         ||     7
       Tentacles         ||     6
       Punch             ||     1
 Stab: Sleeping          ||     8
Armor: Skin              ||     2
Dodge: Dodged            ||    22
